 Dungeon Crawl Stone Soup version 0.29-a0-542-g075992c915 (webtiles) character file.

Game seed: 5781788052914942318

905 chopper the Covered (level 7, -1/61 HPs)
             Began as a Minotaur Fighter on June 4, 2022.
             Was an Initiate of Elyvilon.
             Killed from afar by a steam dragon (10 damage)
             ... with a ball of steam
             ... on level 4 of the Dungeon.
             The game lasted 00:18:52 (3796 turns).

chopper the Covered (Minotaur Fighter)              Turns: 3796, Time: 00:19:00

Health: -1/61      AC:  7    Str: 28    XL:     7   Next: 80%
Magic:  6/6        EV: 10    Int:  5    God:    Elyvilon [......]
Gold:   118        SH:  5    Dex: 10    Spells: 6/6 levels left

rFire   . . .      SeeInvis .   a - +1 war axe
rCold   . . .      Faith    .   c - +0 buckler
rNeg    . . .      Spirit   .   b - +0 scale mail
rPois   .          Reflect  .   (helmet restricted)
rElec   .          Harm     .   (no cloak)
rCorr   .          Rampage  .   (no gloves)
Will    .....                   (no boots)
Stlth   ..........              (no amulet)
HPRegen 0.20/turn               k - +6 ring of strength
MPRegen 0.10/turn               (no ring)

@: lethally poisoned (-1 -> -6)
A: horns 2, retaliatory headbutt
a: Renounce Religion


You were on level 4 of the Dungeon.
You worshipped Elyvilon.
Elyvilon was noncommittal.
You visited 1 branch of the dungeon, and saw 5 of its levels.

You collected 118 gold pieces.

Inventory:

Hand Weapons
 a - a +1 war axe (weapon)
 n - a +0 vorpal long sword
 p - a +5 dagger
Missiles
 h - 6 boomerangs (quivered)
Armour
 b - a +0 scale mail (worn)
 c - a +0 buckler (worn)
Jewellery
 k - a +6 ring of strength (left hand)
Wands
 q - a wand of acid (9)
Scrolls
 j - 2 scrolls of poison
Potions
 d - 3 potions of might
 e - 2 potions of haste {unknown}
 f - a potion of flight {unknown}
 i - a potion of lignification {unknown}
 l - a potion of resistance {unknown}


   Skills:
 + Level 5.0 Fighting
 + Level 3.6 Short Blades
 + Level 5.3 Axes
 + Level 6.8 Armour
 + Level 2.8 Dodging
 + Level 0.5 Stealth
 + Level 5.1 Shields


You had 6 spell levels left.
You didn't know any spells.
Your spell library contained the following spells:

 Spells                   Type           Power      Damage    Failure   Level
 Magic Dart               Conj           0%         1d3       80%         1
 Slow                     Hex            0%         N/A       80%         1
 Searing Ray              Conj           0%         2d4       91%         2
 Confusing Touch          Hex            0%         N/A       99%         3
 Vampiric Draining        Necr           0%         2d6       99%         3
 Fulminant Prism          Conj/Hex       0%         3d6       100%        4
 Passage of Golubria      Tloc           0%         N/A       100%        4
 Silence                  Hex/Air        0%         N/A       100%        5
 Lehudib's Crystal Spear  Conj/Erth      0%         10d2      100%        8


Dungeon Overview and Level Annotations

Branches:
Dungeon (5/15)
 Temple: D:4-7

Altars:
Elyvilon
Yredelemnul

Annotations:
D:5 Prince Ribbit


Innate Abilities, Weirdness & Mutations

You have a pair of horns on your head.
You reflexively headbutt those who attack you in melee.


Message History

There is a stone staircase leading up here.
The steam dragon breathes steam at you. The ball of steam hits you!
A hound comes into view.
The shadow imp picks up a beetle and eats it.
The hound barks!
You hear a shout!
A scorpion comes into view.
There is a stone staircase leading up here.
Unknown command.
You hit the steam dragon but do no damage.
Your headbutt misses the steam dragon. The steam dragon bites you.
The steam dragon barely misses you.
The steam dragon bites you but does no damage.
The steam dragon barely misses you.
You hit the steam dragon but do no damage.
The steam dragon bites you. The steam dragon closely misses you.
An acid dragon comes into view.
The scorpion barely misses you. The steam dragon bites you.
The steam dragon barely misses you. The scorpion stings you.
You are poisoned.
The scorpion poisons you!
You climb upwards.
You feel very sick.
There is a stone staircase leading down here.
You barely miss the steam dragon. You hit the scorpion.
You feel sick. The scorpion barely misses you. You furiously retaliate!
You headbutt the scorpion! The steam dragon breathes steam at you.
The ball of steam hits you!
* * * LOW HITPOINT WARNING * * *
As you read the scroll labelled KAMAPR BINU, it crumbles to dust.
It is a scroll of amnesia.
You feel forgetful for a moment.
You are engulfed in a cloud of scalding steam.
* * * LOW HITPOINT WARNING * * *
You feel sick. The scorpion closely misses you.
The steam dragon breathes steam at you. The ball of steam hits you!
You die...

############ ......##...#
#####.##...######################
#...#.##...'....@s...............
#.#.#.##...#####D................
#.#.#.##...# ##########.......#
#.#.#.##...# #.......#
#.#.#.##...# #########
#.#.#)##...# #.......
#......#.### #....... ###.####.#
#....... #<#....#.# #.......


You could see a steam dragon (catching breath) and a scorpion.

Vanquished Creatures
  Pikel (D:4)
  A water moccasin (D:5)
  A black bear (D:4)
  2 lemures (D:4)
  A scorpion (D:4)
  A jelly (D:4)
  An iguana (D:5)
  6 adders
  An ufetubus (D:4)
  2 dart slugs
  An orc (D:3)
  7 ball pythons
  4 endoplasms
  4 giant cockroaches
  9 goblins
  7 hobgoblins
  14 kobolds
  A quokka (D:1)
  10 bats
  5 frilled lizards
  6 rats
85 creatures vanquished.

Vanquished Creatures (others)
  5 plants (D:1)
5 creatures vanquished.

Grand Total: 90 creatures vanquished

Notes
Turn   | Place    | Note
-------+----------+-------------------------------------------
     0 | D:1      | chopper the Minotaur Fighter began the quest for the Orb.
     0 | D:1      | Reached XP level 1. HP: 19/19 MP: 0/0
   168 | D:1      | Reached XP level 2. HP: 27/27 MP: 1/1
   263 | D:1      | Reached skill level 4 in Armour
   581 | D:1      | Reached XP level 3. HP: 32/33 MP: 2/2
  1348 | D:2      | Found a faded altar of an unknown god.
  1594 | D:3      | Reached skill level 1 in Dodging
  1786 | D:3      | Reached XP level 4. HP: 35/40 MP: 3/3
  2264 | D:3      | Found a white marble altar of Elyvilon.
  2281 | D:3      | Became a worshipper of Elyvilon the Healer
  2340 | D:3      | Found a basalt altar of Yredelemnul.
  2795 | D:4      | Reached XP level 5. HP: 24/46 MP: 4/4
  2841 | D:4      | Noticed a lemure
  2845 | D:4      | Noticed Pikel
  2845 | D:4      | Noticed a lemure
  2846 | D:4      | Noticed a lemure
  2852 | D:4      | Elyvilon protects you from harm!
  2855 | D:4      | Noticed a lemure
  2855 | D:4      | Elyvilon protects you from harm!
  2855 | D:4      | Elyvilon protects you from harm!
  2856 | D:4      | Killed a lemure
  2856 | D:4      | Killed a lemure
  2857 | D:4      | Killed Pikel
  2858 | D:4      | Reached skill level 6 in Armour
  2858 | D:4      | Reached XP level 6. HP: 6/55 MP: 5/5
  2858 | D:4      | Reached XP level 7. HP: 6/60 MP: 6/6
  3250 | D:4      | You fall into a shaft and drop 1 floor!
  3250 | D:5      | Entered Level 5 of the Dungeon
  3276 | D:5      | Reached skill level 5 in Axes
  3298 | D:5      | Noticed Prince Ribbit
  3556 | D:4      | Reached skill level 5 in Fighting
  3556 | D:4      | Reached skill level 5 in Shields
  3788 | D:5      | Noticed a steam dragon
  3796 | D:4      | Killed from afar by a steam dragon

Illustrated notes

Levels and vault maps discovered:
D:1:      sevenhm_arrival_forest_fort_small_3, layout_loops_ring,
          lexackson_kobold_supper
D:2:      layout_basic, dilly_ecumenical_altar_fadedgnrine
D:3:      layout_loops_ring, kennysheep_ying_yang
D:4:      layout_basic, uniq_pikel
D:5:      layout_cave_pools, kennysheep_generic_room_9, uniq_prince_ribbit1,
          uniq_grinder

Skill      XL: |  1  2  3  4  5  6  7 |
---------------+----------------------+-----
Armour         | 4 6 |  6.8
Axes           | 3 4 5 |  5.3
Fighting       | 4 5 |  5.0
Dodging        | 1 2 |  2.8
Shields        | 4 5 |  5.1
Short Blades   | 2 3 |  3.6
Stealth        | |  0.5

Action                   |  1- 3 |  4- 6 |  7- 9 || total
-------------------------+-------+-------+-------++-------
Melee: War axe           |   119 |     8 |    23 ||   150
       Headbutt          |    14 |     3 |     2 ||    19
       Dagger            |       |    36 |       ||    36
  Use: Scroll            |       |     5 |     2 ||     7
Armor: Scale mail        |   103 |    17 |    16 ||   136
Dodge: Dodged            |    99 |    28 |    18 ||   145
Block: Buckler           |    36 |    15 |     9 ||    60

Table legend: (Time is in decaauts)
 A = Elapsed time spent in this place.
 B = Non-inter-level travel time spent in this place.
 C = Inter-level travel time spent in this place.
 D = Time resting spent in this place.
 E = Time spent auto-exploring this place.
 F = Levels seen in this place.
 G = Mean time per level.
                   A        B        C        D        E       F      G
               +--------+--------+--------+--------+--------+-----+--------+
         Total |   3850 |   3850 |      0 |    242 |      0 |   5 |  770.0 |
       Dungeon |   3850 |   3850 |      0 |    242 |      0 |   5 |  770.0 |
               +--------+--------+--------+--------+--------+-----+--------+

Top non-repeatable levels by time:
     D:4: 1299 daAuts
     D:3: 931 daAuts
     D:1: 780 daAuts
     D:2: 777 daAuts
     D:5: 61 daAuts
